Map: King Sejong Station LE

Players

lllllllllll - Winner!

  • Race: Protoss Protoss
  • League: Platinum

ThoZ

  • Race: Zerg Zerg
  • League: Gold

VOD

Have the link to the VOD?

Description

PvZ 8gate blinker/sentry all-in

Time

  • Played on: July 10, 2016, 5:50 a.m.
  • Length: 12:04
Show
View Real Time Build Order
Export as new Build Order

lllllllllll Protoss - Winner!

Build Orders: Blink Stalkers 

Get SALT Encoding   

  12  0:01  Probe (Chrono Boost)  
  13  0:12  Probe (Chrono Boost)  
  14  0:19  Pylon  
  14  0:22  Probe (Chrono Boost)  
  15  0:37  Probe (Chrono Boost)  
  15  0:38  Gateway  
  16  0:43  Assimilator  
  16  0:52  Probe (Chrono Boost)  
  17  1:02  Probe (Chrono Boost)  
  18  1:13  Probe (Chrono Boost)  
  19  1:26  Zealot (Chrono Boost)  
  19  1:29  Cybernetics Core  
  19  1:31  Assimilator, Probe  
  22  1:33  Pylon  
  22  1:50  Probe  
  23  2:01  Gateway  
  23  2:02  Gateway  
  23  2:05  Warp Gate (Chrono Boost)  
  23  2:06  Adept (Chrono Boost)  
  25  2:13  Probe  
  26  2:26  Mothership Core  
  28  2:41  Twilight Council  
  28  2:45  Pylon  
  28  3:07  Adept (Chrono Boost)  
  34  3:14  Adept (Chrono Boost)  
  34  3:15  Adept (Chrono Boost)  
  34  3:18  Blink (Chrono Boost)  
  34  3:46  Pylon  
  34  4:03  Nexus  
  34  4:11  Robotics Facility  
  34  4:13  Stalker x2  
  34  4:15  Sentry  
  40  4:37  Stalker x2  
  44  4:39  Stalker  
  46  4:53  Assimilator  
  46  4:58  Assimilator  
  46  5:07  Pylon  
  46  5:15  Warp Prism (Chrono Boost)  
  46  5:18  Probe  
  46  5:19  Probe  
  50  5:29  Probe  
  50  5:32  Probe  
  52  5:36  Stalker  
  52  5:39  Stalker, Probe  
  55  6:03  Probe  
  55  6:04  Probe  
  55  6:10  Gateway  
  57  6:11  Gateway  
  57  6:14  Probe, Gateway  
  57  6:16  Probe  
  59  6:28  Sentry x3  
  65  6:39  Probe  
  65  6:40  Probe  
  67  6:49  Probe  
  67  6:52  Probe  
  69  7:09  Pylon, Probe  
  69  7:11  Pylon  
  70  7:25  Probe  
  70  7:27  Probe  
  72  7:32  Stalker  
  72  7:33  Stalker x2  
  78  7:51  Stalker x3  
  78  7:53  Probe  
  78  7:55  Probe  
  86  8:04  Probe  
  85  8:07  Probe  
  85  8:09  Pylon  
  85  8:12  Pylon  
  86  8:14  Pylon  
  86  8:16  Pylon  
  86  8:27  Probe, Gateway  
  86  8:28  Gateway  
  87  8:37  Stalker  
  87  8:38  Stalker x5  
  99  8:48  Pylon  
  99  8:49  Pylon  
  99  8:51  Pylon  
  99  9:01  Sentry  
  99  9:02  Sentry x2  
  105  9:03  Sentry  
  105  9:04  Stalker  
  105  9:05  Stalker  
  111  9:26  Stalker x4  
  111  9:29  Stalker  
  121  9:48  Sentry x2  
  121  9:49  Sentry  
  121  9:50  Stalker x3  
  103  10:15  Stalker x4  
  89  10:48  Stalker x6  
  55  11:21  Stalker x4  
  55  11:22  Stalker x3  
  63  11:36  Sentry  
  65  11:46  Sentry x2  
  69  11:47  Sentry x2  
  69  11:49  Stalker x2  
  69  11:50  Stalker  
Show
View Real Time Build Order
Export as new Build Order

ThoZ Zerg 

Build Orders: Pool First 

Get SALT Encoding   

  12  0:02  Drone  
  13  0:19  Extractor  
  12  0:22  Drone  
  13  0:30  Spawning Pool  
  12  0:38  Drone x2  
  14  0:56  Overlord  
  14  1:02  Extractor  
  14  1:03  Drone  
  15  1:17  Queen  
  17  1:20  Metabolic Boost  
  17  1:31  Drone  
  18  1:34  Zergling x4  
  20  1:55  Zergling x4  
  22  2:10  Hatchery  
  22  2:11  Overlord  
  21  2:20  Drone  
  22  2:40  Drone x3  
  25  2:58  Drone  
  26  2:59  Queen  
  28  3:06  Hatchery  
  27  3:18  Roach Warren  
  26  3:22  Spine Crawler  
  26  3:24  Overlord  
  24  3:50  Spore Crawler  
  22  3:59  Roach x3  
  22  4:02  Roach  
  30  4:05  Spine Crawler  
  29  4:14  Roach  
  29  4:15  Roach  
  33  4:27  Drone x3  
  36  4:31  Drone  
  37  4:46  Drone x4  
  41  4:54  Overlord  
  41  5:04  Overlord x2  
  41  5:13  Roach x2  
  45  5:20  Overlord  
  45  5:25  Ravager  
  46  5:40  Zergling x2  
  46  5:41  Zergling x16  
  53  6:01  Drone x5  
  53  6:02  Drone x2  
  60  6:15  Queen  
  60  6:17  Drone, Overlord  
  60  6:18  Drone x2  
  64  6:35  Lair  
  64  6:38  Spore Crawler  
  63  6:46  Roach x3  
  63  6:47  Roach x2  
  72  7:03  Zergling x2  
  72  7:05  Overlord x3  
  73  7:10  Overlord x2  
  73  7:13  Extractor  
  72  7:18  Extractor, Evolution Chamber  
  72  7:19  Evolution Chamber  
  68  7:39  Roach x4  
  73  8:03  Roach  
  73  8:04  Roach x3, Zergling x2  
  73  8:05  Zergling x20  
  85  8:35  Ravager  
  85  8:36  Ravager x2  
  85  8:38  Zergling x2  
  85  8:39  Zergling x20  
  98  8:54  Ravager x2  
  100  8:56  Zergling x10  
  100  8:57  Overlord  
  100  8:58  Overlord  
  105  9:09  Overlord  
  105  9:12  Overseer  
  101  9:30  Ravager  
  101  9:31  Ravager x2  
  104  9:35  Zergling x4  
  104  9:36  Zergling x4  
  104  9:37  Zergling x10  
  113  9:43  Zerg Melee Weapons Level 1  
  91  10:08  Roach  
  91  10:09  Roach x6  
  83  10:16  Zergling x4  
  68  10:26  Zergling x2  
  68  10:27  Zergling x6  
  59  10:43  Zergling x2  
  59  10:44  Zergling x10  
  60  10:56  Zergling x2  
  55  10:57  Zergling x4  
  40  11:12  Zergling x2  
  40  11:13  Zergling x6  
  35  11:24  Zergling x8  
  38  11:30  Zergling x2  
  37  11:38  Zergling x4  
  37  11:39  Zergling x2  
Tags
 
Add a new tag
Caveats
  • Supply blocks, unpowered buildings, or Contaminate may cause inaccurate times.
  • Supply counts are checked every 10 seconds.